 Dungeon Crawl Stone Soup version 0.21-a0-582-g1b93aee (webtiles) character file.

2835 Gaball the Destroyer (level 10, -1/67 HPs)
             Began as a Human Conjurer on Dec 19, 2017.
             Was a Follower of Vehumet.
             Slain by a manticore (12 damage)
             ... on level 8 of the Dungeon.
             The game lasted 00:36:25 (10127 turns).

Gaball the Destroyer (Human Conjurer)              Turns: 10127, Time: 00:36:26

Health: -1/67      AC:  7    Str:  8    XL:     10   Next: 3%
Magic:  12/22      EV: 12    Int: 19    God:    Vehumet [*.....]
Gold:   349        SH:  0    Dex: 14    Spells: 12/25 levels left

rFire    + . .     SeeInvis .   q - +1 short sword (protect)
rCold    . . .     Gourm    .   (no shield)
rNeg     . . .     Faith    .   a - +0 robe
rPois    .         Spirit   .   w - +0 helmet
rElec    .         Reflect  .   n - +0 cloak
rCorr    .         Harm     .   L - +2 pair of gloves
MR       .....                  (no boots)
Stlth    +++.......             (no amulet)
HPRegen  0.21/turn              (no ring)
MPRegen  0.18/turn              (no ring)

@: about to teleport
A: camouflage 1, fire resistance 1
a: Renounce Religion


You were on level 8 of the Dungeon.
You worshipped Vehumet.
Vehumet was aware of your devotion.
You were hungry.

You visited 1 branch of the dungeon, and saw 8 of its levels.

You collected 497 gold pieces.
You spent 148 gold pieces at shops.

Inventory:

Hand Weapons
 h - a +0 short sword
 i - a -2 short sword
 o - a +3 dagger
 q - a +1 short sword of protection (weapon)
Missiles
 G - 7 javelins of penetration
 J - 2 throwing nets (quivered)
Armour
 a - a +0 robe (worn)
 e - the +1 ring mail of Geycaege {*Corrode rN+++ Dex+7}
   (You found it on level 6 of the Dungeon)

   It affects your dexterity (+7).
   It renders you almost immune to negative energy.
   It may corrode you when you take damage.
 n - a +0 cloak (worn)
 w - a +0 helmet (worn)
 L - a +2 pair of gloves (worn)
Jewellery
 p - an uncursed ring of flight
 H - a +6 ring of dexterity {unknown}
Scrolls
 l - a scroll of immolation
 m - 5 scrolls of remove curse
 r - 6 scrolls of teleportation
 v - a scroll of enchant armour
 x - 2 scrolls of enchant weapon {unknown}
 y - a scroll of amnesia {unknown}
 D - a scroll of noise
 E - 4 scrolls of identify
 I - 2 scrolls of magic mapping {unknown}
 P - a scroll of brand weapon {unknown}
Potions
 f - a potion of flight
 g - 2 potions of agility
 j - 2 potions of mutation
 k - a potion of brilliance {unknown}
 s - a potion of curing
 t - 2 potions of haste {unknown}
 u - 2 potions of lignification {unknown}
 z - 2 potions of resistance
 A - 2 potions of cancellation {unknown}
 C - a potion of heal wounds {unknown}
 F - 2 potions of degeneration
 K - a potion of invisibility {unknown}
Books
 b - a book of Conjurations

   Spells                             Type                      Level
   a - Magic Dart                     Conjuration                  1
   b - Searing Ray                    Conjuration                  2
   c - Dazzling Spray                 Conjuration/Hexes            3
   d - Fulminant Prism                Conjuration/Hexes            4
   e - Force Lance                    Conjuration/Translocation    4
   f - Iskenderun's Mystic Blast      Conjuration                  4
 B - a book of Callings

   Spells                             Type                      Level
   a - Summon Small Mammal            Summoning                    1
   b - Call Imp                       Summoning                    2
   c - Call Canine Familiar           Summoning                    3
   d - Summon Guardian Golem          Hexes/Summoning              3
   e - Summon Lightning Spire         Summoning/Air                4
   f - Summon Ice Beast               Ice/Summoning                4
 M - a book of Geomancy

   Spells                             Type                      Level
   a - Sandblast                      Earth                        1
   b - Passwall                       Transmutation/Earth          2
   c - Stone Arrow                    Conjuration/Earth            3
   d - Petrify                        Transmutation/Earth          4
   e - Lee's Rapid Deconstruction     Earth                        5
 N - a book of Necromancy

   Spells                             Type                      Level
   a - Pain                           Necromancy                   1
   b - Animate Skeleton               Necromancy                   1
   c - Vampiric Draining              Necromancy                   3
   d - Regeneration                   Charms/Necromancy            3
   e - Animate Dead                   Necromancy                   4
   f - Control Undead                 Necromancy                   4
Comestibles
 c - 14 rations


   Skills:
 + Level 1.7 Fighting
 - Level 2.0 Dodging
 - Level 2.0 Stealth
 + Level 8.1 Spellcasting
 - Level 8.6 Conjurations
 - Level 4.0 Summonings
 - Level 4.0 Air Magic


You had 12 spell levels left.
You knew the following spells:

 Your Spells              Type           Power        Failure   Level  Hunger
a - Magic Dart            Conj           ####         1%          1    None
b - Dazzling Spray        Conj/Hex       ###...       4%          3    None
c - Iskenderun's Mystic   Conj           #####...     2%          4    ###....
d - Summon Lightning Spi  Summ/Air       ###.....     17%         4    ###....
e - Shock                 Conj/Air       ####         1%          1    None


Dungeon Overview and Level Annotations

Branches:
Dungeon (8/15)             Temple (0/1) D:7
   Lair: D:8-11

Altars:
Ashenzari
Cheibriados
Dithmenos
Gozag
Sif Muna
Uskayaw
Vehumet
Xom
Zin

Shops:
D:4 }[(?!   D:7 }

Annotations:
D:6 Regeox's ghost, novice HOFi


Innate Abilities, Weirdness & Mutations

Your skin changes colour to match your surroundings (Stealth+).
Your flesh is heat resistant. (rF+)


Message History

You hit the manticore but do no damage.
Your weapon exudes an aura of protection.
The manticore is moderately wounded.
The manticore bites you but does no damage.
The manticore claws you!
* * * LOW HITPOINT WARNING * * *
The manticore closely misses you.
A bolt of electricity appears from out of your range of vision.
The bolt of electricity hits the manticore.
Casting: Magic Dart
Confirm with . or Enter, or press ? or * to list all spells.
Okay, then.
You feel better. The manticore bites you!
* * * LOW HITPOINT WARNING * * *
The manticore barely misses you. The manticore claws you.
* * * LOW HITPOINT WARNING * * *
As you read the scroll of teleportation, it crumbles to dust.
You feel strangely unstable. The manticore completely misses you.
The manticore barely misses you. The manticore claws you!
You die...

#. ....# #H ...### #
.... . ./########.# #
#.........8# #
#########..# ####
#.......# ....
#.##..H####.#
##########.##...@....#
(.((..).......#.######
##########.####.#
######## #.# #.#
........ ..# #.#
######## ### #.# # #.#
# #. #


You could see a manticore.

Vanquished Creatures
  Sigmund (D:6)
  A hippogriff (D:7)
  Eustachio (D:4)
  An ice beast (D:5)
  5 ogres
  A phantom (D:4)
  2 centaurs
  2 bullfrogs (D:5)
  A gnoll sergeant (D:7)
  4 killer bees
  A scorpion (D:5)
  2 howler monkeys (D:4)
  A crimson imp (D:6)
  8 hounds
  A gnoll shaman (D:6)
  A jelly (D:6)
  A quasit (D:6)
  2 orc priests
  A bullfrog skeleton (D:8)
  A centaur skeleton (D:6)
  2 iguanas
  6 orc wizards
  3 worker ants
  A howler monkey zombie (D:5)
  A worker ant zombie (D:7)
  11 adders
  13 gnolls
  A howler monkey skeleton (D:7)
  A shadow imp (D:6)
  An ooze (D:2)
  An adder skeleton (D:4)
  An adder zombie (D:5)
  A worm (D:3)
  6 leopard geckos
  20 orcs
  8 giant cockroaches
  6 goblins
  8 hobgoblins
  10 jackals
  10 kobolds
  3 quokkas
  2 ball pythons
  3 bats (D:1)
  4 frilled lizards
  A jackal skeleton (D:6)
  A leopard gecko skeleton (D:4)
  A quokka skeleton (D:4)
  13 rats
177 creatures vanquished.

Vanquished Creatures (collateral kills)
  A shadow imp (D:8)
1 creature vanquished.

Vanquished Creatures (others)
  An orc wizard (D:5)
  A gnoll (D:5)
  2 orcs (D:5)
  A plant (D:4)
5 creatures vanquished.

Grand Total: 183 creatures vanquished

Notes
Turn   | Place    | Note
-------+----------+-------------------------------------------
     0 | D:1      | Gaball the Human Conjurer began the quest for the Orb.
     0 | D:1      | Reached XP level 1. HP: 13/13 MP: 3/3
   306 | D:1      | Reached XP level 2. HP: 16/19 MP: 0/5
   630 | D:1      | Reached XP level 3. HP: 24/24 MP: 4/6
   635 | D:1      | Learned a level 3 spell: Dazzling Spray
  1167 | D:2      | Reached XP level 4. HP: 26/30 MP: 4/8
  1198 | D:2      | Found an opulent altar of Gozag.
  1374 | D:2      | Reached skill level 5 in Conjurations
  1509 | D:2      | Reached XP level 5. HP: 33/35 MP: 3/10
  2955 | D:3      | Learned a level 4 spell: Iskenderun's Mystic Blast
  2956 | D:4      | Noticed Eustachio
  3061 | D:4      | Reached XP level 6. HP: 30/41 MP: 7/12
  3232 | D:4      | Found Bihetzi's Magic Scroll Emporium.
  3240 | D:4      | Bought a scroll of noise for 13 gold pieces
  3240 | D:4      | Bought a scroll of identify for 26 gold pieces
  3240 | D:4      | Bought a scroll of identify for 26 gold pieces
  3240 | D:4      | Bought a scroll of teleportation for 39 gold pieces
  3255 | D:4      | Noticed a phantom
  3296 | D:4      | Killed a phantom
  3388 | D:4      | Found Wirouniun's Antique Armour Shop.
  3406 | D:4      | Reached XP level 7. HP: 39/46 MP: 10/14
  3436 | D:4      | Found Yxtiolao's Weapon Shop.
  3628 | D:4      | Found a shattered altar of Ashenzari.
  3632 | D:4      | Saw a vision of the Swamp and the Spider Nest.
  3632 | D:4      | Noticed a redback
  3632 | D:4      | Noticed a hornet
  3633 | D:4      | Noticed a redback
  3634 | D:4      | Noticed a redback
  3891 | D:4      | Killed Eustachio
  3891 | D:4      | Reached skill level 5 in Spellcasting
  3894 | D:4      | Found Naymakh's Distillery.
  4105 | D:4      | Bought a potion of curing for 33 gold pieces
  4105 | D:4      | Bought a potion of degeneration for 11 gold pieces
  4621 | D:4      | Reached XP level 8. HP: 36/52 MP: 7/16
  5101 | D:4      | Found Egussabu's Gadget Boutique.
  5158 | D:5      | Entered Level 5 of the Dungeon
  5598 | D:5      | Found a deep blue altar of Sif Muna.
  5811 | D:5      | Found a snail-covered altar of Cheibriados.
  5913 | D:5      | Found a shimmering altar of Xom.
  6238 | D:5      | Found a radiant altar of Vehumet.
  6285 | D:5      | Became a worshipper of Vehumet
  6296 | D:5      | Learned a level 4 spell: Summon Lightning Spire
  6627 | D:6      | Found a shadowy altar of Dithmenos.
  6715 | D:6      | Noticed Regeox's ghost (novice HOFi)
  7027 | D:6      | Reached XP level 9. HP: 57/57 MP: 14/19
  7047 | D:6      | Reached skill level 1 in Summonings
  7047 | D:6      | Reached skill level 1 in Air Magic
  7273 | D:6      | Got a dazzling ring mail
  7284 | D:6      | Identified the +1 ring mail of Geycaege {*Corrode rN+++ Dex+7} (You found it on level 6 of the Dungeon)
  7415 | D:5      | Gained mutation: Your flesh is heat resistant. (rF+) [potion of mutation]
  7415 | D:5      | Gained mutation: Your skin changes colour to match your surroundings (Stealth+). [potion of mutation]
  7419 | D:5      | HP: 1/57 [bullfrog (9)]
  7806 | D:6      | Found a glowing silver altar of Zin.
  7810 | D:6      | Found a hide-covered altar of Uskayaw.
  8242 | D:6      | Got a smoking whip
  8243 | D:6      | Identified the +5 whip "Caselih" {antimagic, *Slow +Fly rC++ rN+++} (You found it on level 6 of the Dungeon)
  8290 | D:6      | Noticed Sigmund
  8365 | D:6      | Killed Sigmund
  8669 | D:6      | Reached * piety under Vehumet
  8669 | D:6      | Offered knowledge of Shock by Vehumet.
  8672 | D:6      | Learned a level 1 spell: Shock
  9286 | D:7      | Found a staircase to the Ecumenical Temple.
  9314 | D:7      | Noticed a hippogriff
  9329 | D:7      | Killed a hippogriff
  9336 | D:7      | Found a shimmering altar of Xom.
  9574 | D:7      | Found Noav's Gadget Shoppe.
  9663 | D:8      | Noticed a manticore
  9778 | D:8      | Reached skill level 1 in Fighting
  9860 | D:8      | Reached XP level 10. HP: 57/65 MP: 12/22
 10127 | D:8      | Slain by a manticore

Vault maps used:
D:1:      mrwooster_arrival_statue, minmay_ruptured
D:2:      nicolae_gozag_cash_rules_everything_around_me, serial_glass,
          glass_columns_c, glass_columns_a
D:4:      serial_shops, shop, nicolae_shop_behind_doors, nicolae_shop_crystal,
          shop, nicolae_shop_stone, first_ration, grunt_ashenzari_visionary,
          uniq_eustachio
D:5:      nicolae_overflow_crystal_walls, lemuel_doored_altar,
          xom_confusion_cloud, led_sif_pool
D:6:      minitemple, grunt_dithmenos_smoke, uniq_sigmund
D:7:      minmay_temple_entry_glass, serial_shops, nicolae_shop_behind_doors,
          basic_altar
D:8:      gammafunk_temple_overflow_statue, serial_shops, nicolae_shop_stone,
          kennysheep_generic_room_13

Skill      XL: |  1  2  3  4  5  6  7  8  9 |
---------------+----------------------------+-----
Spellcasting   | 3 4 5 6 8 |  8.1
Conjurations   | 5 6 7 8 |  8.6
Summonings     | 4 |  4.0
Air Magic      | 4 |  4.0
Fighting       | 1 |  1.7
Dodging        | |  2.0
Stealth        | |  2.0

Action                   |  1- 3 |  4- 6 |  7- 9 | 10-12 || total
-------------------------+-------+-------+-------+-------++-------
Melee: Unarmed           |     4 |       |       |       ||     4
       Short sword       |    52 |    91 |   223 |     4 ||   370
 Cast: Magic Dart        |    58 |    94 |   338 |     7 ||   497
       Iskenderun's Myst |       |       |    11 |     3 ||    14
       Dazzling Spray    |       |       |    32 |     3 ||    35
       Summon Lightning  |       |       |       |     1 ||     1
  Use: Scroll            |       |     8 |     3 |     2 ||    13
       Potion            |       |       |     5 |     1 ||     6
 Stab: Sleeping          |     2 |     3 |     3 |       ||     8
       Invisible         |       |       |     5 |     1 ||     6
  Eat: Chunk             |     1 |     4 |    22 |     1 ||    28
       Ration            |       |     1 |       |       ||     1
Armor: Robe              |    30 |    42 |   159 |     4 ||   235
Dodge: Dodged            |    48 |    73 |   244 |    11 ||   376

Table legend:
 A = Spawn XP
 B = Non-spawn XP
 C = Spawn XP percentage of total XP
 D = Spawn monster count
 E = Non-spawn monster count
 F = Spawn count percentage of total count
 G = Total turns spent on level
                    A         B        C        D         E        F      G
               +---------+---------+-------+---------+---------+-------+---------
         Total |       0 |    4050 |   0.0 |       0 |     178 |   0.0 | 10127
               +---------+---------+-------+---------+---------+-------+---------
           D:1 |       0 |      48 |   0.0 |       0 |      28 |   0.0 |  1035
           D:2 |       0 |     135 |   0.0 |       0 |      21 |   0.0 |   993
           D:3 |       0 |     113 |   0.0 |       0 |      16 |   0.0 |  1301
           D:4 |       0 |     922 |   0.0 |       0 |      39 |   0.0 |  1933
           D:5 |       0 |     787 |   0.0 |       0 |      15 |   0.0 |  1845
           D:6 |       0 |     953 |   0.0 |       0 |      32 |   0.0 |  1782
           D:7 |       0 |     726 |   0.0 |       0 |      18 |   0.0 |   741
           D:8 |       0 |     366 |   0.0 |       0 |       9 |   0.0 |   497
               +---------+---------+-------+---------+---------+-------+---------
